 Dungeon Sprint DCSS version 0.23.2-33-g5129a83184 (webtiles) character file.

Game seed: 17625031138059459832

1528 Prakerore the Severer (level 8, 51/82 (86) HPs)
             Began as a Minotaur Berserker on July 25, 2019.
             Was a Priest of Trog.
             Quit the game in the Dungeon (Sprint II: "The Violet Keep of Menkaure").
             The game lasted 00:01:33 (549 turns).

Prakerore the Severer (Minotaur Berserker)           Turns: 549, Time: 00:01:34

HP:   51/82 (86)    AC:  2    Str: 23    XL:     8   Next: 55%
MP:   7/7           EV: 15    Int:  6    God:    Trog [***...]
Gold: 324           SH:  0    Dex:  9    Spells: 7/7 levels left

rFire    . . .     SeeInvis .   a - +0 hand axe
rCold    . . .     Gourm    .   (no shield)
rNeg     . . .     Faith    .   b - +0 animal skin
rPois    .         Spirit   .   (helmet restricted)
rElec    .         Reflect  .   (no cloak)
rCorr    .         Harm     .   (no gloves)
MR       .....     NoTele   +   (no boots)
Stlth    +.........             (no amulet)
HPRegen  0.00/turn              (no ring)
MPRegen  0.10/turn              (no ring)

@: lethally poisoned (51 -> 0), non-regenerating, diseased, slowed, very slow
A: retaliatory headbutt, horns 2
a: Berserk, Trog's Hand, Renounce Religion


You were in the Dungeon.
You worshipped Trog.
Trog was most pleased with you.
You were very hungry.

You visited 1 branch You collected 324 gold pieces.

Inventory:

Hand Weapons
 a - a +0 hand axe (weapon)
Armour
 b - a +0 animal skin (worn)
Scrolls
 i - 2 scrolls of blinking
Potions
 d - a potion of curing
 e - a potion of heal wounds
 f - a potion of haste
 g - 2 potions of magic
 h - 2 potions of berserk rage
Comestibles
 c - a ration


   Skills:
 + Level 13.5 Fighting
 + Level 15.0 Axes
 + Level 7.6 Armour
 + Level 7.1 Dodging


You had 7 spell levels left.
You didn't know any spells.
Your spell library was empty.

Dungeon Overview and Level Annotations

Branches:
Dungeon (1/1)

Altars:
Dithmenos
Elyvilon
Fedhas
Gozag
Kikubaaqudgha
Makhleb
Nemelex Xobeh
Okawaru
Qazlal
Ru
Sif Muna
Trog
Uskayaw
Vehumet
Wu Jian
Xom
Yredelemnul
Zin
The Shining One
Jiyva
Lugonu

Shops:
D [:=:!(!=%=}[[[[?

Annotations:
D exclusion: oklob plant, Roxanne


Innate Abilities, Weirdness & Mutations

You reflexively headbutt those who attack you in melee.
You have a pair of horns on your head.


Message History

The death drake hisses angrily.
You hear a roar!
The death drake moves out of view.
A death drake comes into view.
You're too confused to move!
You feel less confused.
A swamp drake comes into view.
The death drake breathes miasma at you. The foul vapour engulfs you!
You are poisoned.
You feel your flesh rotting away!
You are engulfed in dark miasma.
You are more poisoned.
You feel your flesh rotting away!
You feel very sick.
You are engulfed in dark miasma.
You are more poisoned.
You feel your flesh rotting away!
You feel ill.
You feel yourself slow down.
You feel very sick.
You avoid triggering a bolt trap.
You feel very sick.
There is a bolt trap here.
Unknown command.
Are you sure you want to abandon this character and quit the game? (Confirm with "yes".)

++#+++## ... ## .......#
.. .# ##+##..# #. .# #
##.#### +.##k# #....#
#..k# ###..#####..# #+#
##..#..'.k# ##.##
#..#..#^k# +.<.+
+..####.@### ##.##
#....###...##▓▓▓ ##†##
#......≈≈≈≈≈≈≈≈≈≈ #.#.##
#≈≈...÷.≈#+#######
..#..#≈≈≈§§≈≈..≈#..._._._
#...##≈≈≈≈§≈≈≈.≈#_._._._.
##'##≈≈≈≈≈≈§≈≈≈§#._._._._
≈≈≈≈≈≈≈§≈≈≈≈≈≈≈≈#_._._._.
++#+++#§§≈§§§≈≈≈#._._._..


You could see 2 death drakes and 2 swamp drakes.

Vanquished Creatures
  2 unseen horrors (D)
  Menkaure (D)
  4 necrophages (D)
  A hell rat (D)
8 creatures vanquished.

Vanquished Creatures (others)
  A crocodile (D)
1 creature vanquished.

Grand Total: 9 creatures vanquished

Notes
Turn   | Place    | Note
-------+----------+-------------------------------------------
     0 | D        | Prakerore the Minotaur Berserker began the quest for the
                  | Orb.
     0 | D        | Reached XP level 1. HP: 19/19 MP: 0/0
     1 | D        | Noticed a hippogriff
     1 | D        | Noticed a hippogriff
     4 | D        | Noticed a necrophage
     4 | D        | Noticed a necrophage
     4 | D        | Noticed a necrophage
     4 | D        | Noticed a necrophage
    13 | D        | Killed a necrophage
    13 | D        | Reached skill level 7 in Axes
    13 | D        | Reached XP level 2. HP: 34/34 MP: 1/1
    13 | D        | Reached XP level 3. HP: 39/39 MP: 2/2
    13 | D        | Reached XP level 4. HP: 47/47 MP: 3/3
    18 | D        | Killed a necrophage
    18 | D        | Reached skill level 9 in Axes
    18 | D        | Reached XP level 5. HP: 56/56 MP: 4/4
    20 | D        | Killed a necrophage
    20 | D        | Reached ** piety under Trog
    20 | D        | Reached skill level 10 in Axes
    20 | D        | Reached skill level 5 in Armour
    23 | D        | Killed a necrophage
    23 | D        | Reached skill level 10 in Fighting
    23 | D        | Reached skill level 11 in Axes
    23 | D        | Reached XP level 6. HP: 65/65 MP: 5/5
   109 | D        | Noticed an ice statue
   114 | D        | Found Kicitiarr's Magic Scroll Emporium.
   115 | D        | Found Paggy's Antique Armour Emporium.
   115 | D        | Found Joytul's Armour Shoppe.
   116 | D        | Found Geoqurhu's Gadget Emporium.
   116 | D        | Found Ceochoom's Jewellery Shoppe.
   116 | D        | Found Famman's Armour Shoppe.
   116 | D        | Found Houtet's Food Emporium.
   126 | D        | Found Toceam's Distillery.
   126 | D        | Found Ajepp's Antique Weapon Shoppe.
   126 | D        | Found Nirr's Antique Armour Emporium.
   126 | D        | Found Hinohu Taeki's Distillery.
   126 | D        | Noticed a manticore
   127 | D        | Found Noxi's Jewellery Shoppe.
   129 | D        | Found Bigasuq's Book Shoppe.
   129 | D        | Found Rikemiw's Jewellery Emporium.
   129 | D        | Noticed Menkaure
   129 | D        | Noticed a manticore
   129 | D        | Noticed a manticore
   129 | D        | Noticed an oklob plant
   130 | D        | Found Tenax's Antique Armour Shoppe.
   130 | D        | Found Liap's Book Shoppe.
   130 | D        | Noticed a yak
   130 | D        | Noticed a yak
   133 | D        | Noticed a yak
   138 | D        | Killed Menkaure
   138 | D        | Reached *** piety under Trog
   138 | D        | Reached skill level 12 in Axes
   138 | D        | Reached skill level 5 in Dodging
   201 | D        | Noticed Roxanne
   211 | D        | Found a glowing golden altar of the Shining One.
   211 | D        | Found an ornate altar of the Wu Jian Council.
   212 | D        | Found a shimmering altar of Xom.
   212 | D        | Found a sacrificial altar of Ru.
   213 | D        | Found a basalt altar of Yredelemnul.
   213 | D        | Found a deep blue altar of Sif Muna.
   214 | D        | Found a glowing silver altar of Zin.
   214 | D        | Found a bloodstained altar of Trog.
   214 | D        | Found an ancient bone altar of Kikubaaqudgha.
   214 | D        | Found a stormy altar of Qazlal.
   214 | D        | Found a viscous altar of Jiyva.
   215 | D        | Found a hide-covered altar of Uskayaw.
   215 | D        | Found a corrupted altar of Lugonu.
   215 | D        | Found a shadowy altar of Dithmenos.
   216 | D        | Found a radiant altar of Vehumet.
   216 | D        | Found a burning altar of Makhleb.
   216 | D        | Found a white marble altar of Elyvilon.
   217 | D        | Found a sparkling altar of Nemelex Xobeh.
   217 | D        | Found a blossoming altar of Fedhas.
   218 | D        | Found an iron altar of Okawaru.
   218 | D        | Found an opulent altar of Gozag.
   231 | D        | Killed an unseen horror
   231 | D        | Reached skill level 13 in Axes
   231 | D        | Reached XP level 7. HP: 17/77 MP: 6/6
   233 | D        | Killed an unseen horror
   233 | D        | Reached skill level 15 in Axes
   233 | D        | Reached XP level 8. HP: 14/85 MP: 7/7
   543 | D        | Noticed a crystal guardian
   544 | D        | Noticed a death drake
   545 | D        | Noticed a death drake
   549 | D        | Quit the game

Skill      XL: |  1  2  3  4  5  6  7 |
---------------+----------------------+-----
Fighting       | 7 8 10 12 13 | 13.5
Axes           | 7 9 11 13 15 | 15.0
Armour         | 4 5 7 |  7.6
Dodging        | 3 4 6 7 |  7.1

Action                   |  1- 3 |  4- 6 |  7- 9 || total
-------------------------+-------+-------+-------++-------
Melee: Hand axe          |     7 |    17 |     2 ||    26
       Headbutt          |     1 |     7 |     2 ||    10
Invok: Berserk           |     1 |     2 |       ||     3
Armor: Animal skin       |       |       |     1 ||     1
Dodge: Dodged            |     4 |     4 |       ||     8
